 Dungeon Crawl Stone Soup version 0.31-a0-486-g8d68a81214 (webtiles) character file.

Game seed: 5298516469283857626

92 ytrimaz the Ruffian (level 4, -4/28 HPs)
             Began as an Octopode Shapeshifter on Aug 7, 2023.
             Killed from afar by a white imp (9 damage)
             ... with a puff of frost
             ... on level 3 of the Dungeon.
             The game lasted 00:01:45 (1665 turns).

ytrimaz the Ruffian (Octopode Shapeshifter)         Turns: 1665, Time: 00:01:46

Health: -4/28      AC:  1    Str: 14    XL:     4   Next: 60%
Magic:  4/4        EV: 14    Int: 12    God:
Gold:   142        SH:  0    Dex: 12    Spells: 3/3 levels left

rFire   . .          .
                       - Unarmed
rCold   . . .        (no shield)
rNeg    + . .        (helmet currently unavailable)
rPois   .            (no amulet)
rElec   .            f - ring of positive energy
rCorr   .            c - ring of flight
SInv    .            (no ring)
Will    .....        (no ring)
Stlth   ++           (no ring)
HPRegen 0.24/turn    (no ring)
MPRegen 0.09/turn    (no ring)
                     (no ring)

%: no passive effects
@: beast-form, flying
A: beast (slay +2), almost no armour, amphibious, 8 rings, camouflage 1,
gelatinous body 1, (nimble swimmer 1), tentacles
a: Begin Untransformation


You were on level 3 of the Dungeon.
You were a hulking beast.
You visited 1 branch of the dungeon, and saw 3 of its levels.

You collected 142 gold pieces.


Innate Abilities, Weirdness & Mutations

You are a hulking beast.
Your limbs bulge with bestial killing power. (Slay +2)
You cannot wear most types of armour.
You are amphibious.
You can wear up to eight rings at the same time.
Your skin changes colour to match your surroundings (Stealth+).
Your rubbery body absorbs attacks. (AC +1, EV +1)
((You are camouflaged when in or above water. (Stealth+)))
You have tentacles for arms and can constrict up to eight enemies at once.


   Skills:
 - Level 1.0 Fighting
 * Level 3.9 Dodging
 + Level 3.9 Unarmed Combat
 - Level 3.0 Shapeshifting


You had 3 spell levels left.
You didn't know any spells.
Your spell library was empty.

Inventory:

Jewellery
 c - a ring of flight (right tentacle)
   (You found it on level 2 of the Dungeon)
 f - a ring of positive energy (left tentacle)
   (You found it on level 1 of the Dungeon)
Talismans
 b - a beast talisman (active)
Scrolls
 d - a scroll of vulnerability
 e - a scroll of blinking
 g - a scroll of noise {unknown}
 j - a scroll of summoning {unknown}
 k - a scroll of fog {unknown}
 l - 3 scrolls of identify
 m - a scroll of teleportation {unknown}
Potions
 a - a potion of lignification
 h - a potion of degeneration {unknown}
 i - a potion of curing
 n - 2 potions of mutation {unknown}

Dungeon Overview and Level Annotations

Branches:
Dungeon (3/15) Zot: 16339

Altars:

##.##.......รท.........
#
##..##.....#..).....###
.(.
###..#.........#..#####
....#....$.#...######.##
## o.....#.<...<.##
#..### .. #...###o##
#....# .# .ooo.o.### #.#
#.##.##.# ....##. #o#
#)##.#..# ... #. #h#
#.##...## .. .. #5#
#.###...# .# #.#
#.####... .. #.#
#...#..## ## #.#
###...## #.# ###.....#
... .........## #.#
###.###...< #.# #. ###.#


You could see a white imp and 2 orcs.


Message History

No target in view!
l - a scroll of identify You now have 135 gold pieces (gained 17).
You see here a rat corpse.
l - 2 scrolls of identify (gained 1) Key pressed, stopping explore.
l - 3 scrolls of identify (gained 1);
m - a scroll labelled ZEIKUCI ZUODO
Found a stone staircase leading up.
You now have 142 gold pieces (gained 7).
An orc wizard comes into view. It is wielding a +0 dagger.
An orc wizard is nearby!
An orc priest comes into view. It is wielding a +0 flail.
The orc wizard shouts!
The orc priest shouts!
You hear a shout!
The orc priest invokes the aid of Beogh against you.
Beogh smites you!
An orc comes into view. It is wielding a +0 club.
An orc comes into view.
It is wielding a +0 short sword. ๐Ÿ˜ฎ HP[-12]
You take 12 damage, and now have 16/28 hp.
MASSIVE DAMAGE!! (PAUSE) Unknown command.
There is a stone staircase leading up here.
You fly upwards.
There is a stone staircase leading down here.
Unknown command.
You start resting. ๐Ÿ˜Ž HP[+12]
Your hp is fully restored (28).
Unknown command.
There is a stone staircase leading down here.
You fly downwards.
There is a stone staircase leading up here.
Key pressed, stopping explore.
n - 2 purple potions The orc priest shouts!
You hear a shout!
There are monsters nearby!
There are monsters nearby!
A white imp comes into view.
The white imp shouts, "Flee, thou simpering wibble-sucking blabberskite!"
You closely miss the white imp. Your grab misses the white imp.
You tentacle-slap the white imp. Your grab misses the white imp.
The white imp barely misses you.
Unknown command.
You barely miss the white imp. You grab the white imp.
You constrict the white imp. The white imp hits you.
The white imp freezes you. ๐Ÿ˜• HP[-6]
You take 6 damage, and now have 22/28 hp.
MASSIVE DAMAGE!! (PAUSE)
You completely miss the white imp.
You constrict the white imp, but do no damage.
The white imp closely misses you.
You tentacle-slap the white imp.
You constrict the white imp, but do no damage.
The white imp gestures at you. The puff of frost hits you!
* * * LOW HITPOINT WARNING * * *
๐Ÿ˜จ HP[-11]
You take 11 damage, and now have 11/28 hp.
MASSIVE DAMAGE!! (PAUSE)
You release your grip on the white imp.
The orc priest invokes the aid of Beogh against you.
Pain shoots through your body!
* * * LOW HITPOINT WARNING * * *
๐Ÿ˜จ HP[-1]
You take 1 damage, and now have 10/28 hp.
You tentacle-slap the orc priest. You grab the orc priest.
You constrict the orc priest. The orc priest barely misses you.
The white imp barely misses you. ๐Ÿ˜จ HP[+1]
You tentacle-slap the orc priest. You constrict the orc priest.
You kill the orc priest!
The orc throws a boomerang.
The boomerang hits you.
* * * LOW HITPOINT WARNING * * *
The white imp misses you.
Unknown command. ๐Ÿ˜จ HP[-1]
You take 1 damage, and now have 10/28 hp.
The orc hits you with a +0 short sword.
* * * LOW HITPOINT WARNING * * *
You see here a +0 flail. ๐Ÿ˜จ HP[-2]
You take 2 damage, and now have 8/28 hp.
You tentacle-slap the white imp but do no damage.
You grab the white imp.
You constrict the white imp, but do no damage.
The orc barely misses you. The white imp closely misses you.
You tentacle-slap the white imp.
You constrict the white imp, but do no damage.
The orc hits you with a +0 short sword.
* * * LOW HITPOINT WARNING * * *
The white imp barely misses you. ๐Ÿ˜ฑ HP[-3]
You take 3 damage, and now have 5/28 hp.
You closely miss the orc. You grab the orc.
You constrict the white imp, but do no damage.
You constrict the orc. The orc barely misses you.
The white imp gestures at you. The puff of frost hits you!
You die...

Skill      XL: |  1  2 |
---------------+-------+-----
Dodging        | 3 |  3.9
Fighting       | |  1.0
Unarmed Combat | |  3.9
Shapeshifting  | |  3.0

Action                     |  1- 3 |  4- 6 || total
---------------------------+-------+-------++-------
  Melee: Unarmed           |    63 |    16 ||    79
         Tentacles         |    11 |     1 ||    12
         Constrict         |    15 |     7 ||    22
         Punch             |     1 |       ||     1
    Use: Scroll            |     6 |       ||     6
   Stab: Sleeping          |     6 |       ||     6
 Armour: Skin              |     6 |       ||     6
  Dodge: Dodged            |    47 |    14 ||    61

Levels and vault maps discovered:
D:1:      evilmike_arrival_hilbert_curve, layout_loops_ring,
          dreamdust_ecumenical_altar_statues, chequers_mini_garden,
          minmay_worlds_worst_comb
D:2:      layout_loops_ring
D:3:      minmay_diamond_boxcup, layout_rooms

Notes
Turn   | Place    | Note
-------+----------+-------------------------------------------
     0 | D:1      | ytrimaz the Octopode Shapeshifter began the quest for the
                  | Orb.
     0 | D:1      | Reached XP level 1. HP: 13/13 MP: 1/1
     0 | D:1      | magus.rc [v1.9.6]
   320 | D:1      | Found a faded altar of an unknown god.
   340 | D:1      | Reached XP level 2. HP: 18/18 MP: 2/2
   559 | D:1      | Reached skill level 3 in Dodging
   607 | D:1      | Reached XP level 3. HP: 23/23 MP: 3/3
  1411 | D:3      | Reached XP level 4. HP: 22/28 MP: 4/4
  1664 | D:3      | HP: 5/28 [orc/+0 short sword (4)]
  1665 | D:3      | Killed from afar by a white imp

Vanquished Creatures
  An orc priest (D:3)
  An adder (D:2)
  A worm (D:2)
  2 dart slugs
  An orc (D:3)
  5 bats
  3 endoplasms
  6 giant cockroaches
  4 goblins
  4 hobgoblins
  5 kobolds
  2 quokkas
  6 ball pythons (D:1)
  A rat (D:3)
42 creatures vanquished.

Table legend:
 A = Non-vault XP
 B = Vault XP
 C = Vault XP percentage of total XP
 D = Non-vault monster count
 E = Vault monster count
 F = Vault count percentage of total count
                 A         B        C        D         E       F
            +---------+---------+-------+---------+---------+-------
      Total |     122 |      10 |   7.6 |      37 |       5 |  11.9
            +---------+---------+-------+---------+---------+-------
        D:1 |      31 |      10 |  24.4 |      18 |       5 |  21.7
        D:2 |      38 |       0 |   0.0 |      12 |       0 |   0.0
        D:3 |      53 |       0 |   0.0 |       7 |       0 |   0.0
            +---------+---------+-------+---------+---------+-------

Skill      XL: |  1  2 |
---------------+-------+-----
Dodging        | 3 |  3.9
Fighting       | |  1.0
Unarmed Combat | |  3.9
Shapeshifting  | |  3.0

Action                     |  1- 3 |  4- 6 || total
---------------------------+-------+-------++-------
  Melee: Unarmed           |    63 |    16 ||    79
         Tentacles         |    11 |     1 ||    12
         Constrict         |    15 |     7 ||    22
         Punch             |     1 |       ||     1
    Use: Scroll            |     6 |       ||     6
   Stab: Sleeping          |     6 |       ||     6
 Armour: Skin              |     6 |       ||     6
  Dodge: Dodged            |    47 |    14 ||    61

Illustrated notes

Table legend:
 A = Kills in this place as a percentage of kills in the entire game.
 B = Kills by you in this place as a percentage of kills by you in the entire game.
 C = Kills by friends in this place as a percentage of kills by friends in the entire game.
 D = Other kills in this place as a percentage of other kills in the entire game.
 E = Experience gained in this place as a percentage of experience gained in the entire game.
 F = Experience gained in this place divided by the number of levels of this place that you have seen.
                   A       B       C       D       E      F
               +-------+-------+-------+-------+-------+----------------------
         Total | 100.0 | 100.0 |   N/A |   N/A | 100.0 |  44.0
       Dungeon | 100.0 | 100.0 |   N/A |   N/A | 100.0 |  44.0
               +-------+-------+-------+-------+-------+----------------------

Table legend: (Time is in decaauts)
 A = Elapsed time spent in this place.
 B = Non-inter-level travel time spent in this place.
 C = Inter-level travel time spent in this place.
 D = Time resting spent in this place.
 E = Time spent auto-exploring this place.
 F = Levels seen in this place.
 G = Mean time per level.
                   A        B        C        D        E       F      G
               +--------+--------+--------+--------+--------+-----+--------+
         Total |   1659 |   1584 |     75 |     78 |   1179 |   3 |  553.0 |
       Dungeon |   1659 |   1584 |     75 |     78 |   1179 |   3 |  553.0 |
               +--------+--------+--------+--------+--------+-----+--------+

Top non-repeatable levels by time:
     D:1: 821 daAuts
     D:2: 655 daAuts
     D:3: 182 daAuts
